 Dungeon Crawl Stone Soup version 0.31-a0-844-gdc52ec4e09 (webtiles) character file.

Game seed: 7823158299906536000

10693 CrazyBamboolord the Covert (level 11, -9/84 HPs)
             Began as a Vine Stalker Necromancer on Sept 30, 2023.
             Was a Believer of Kikubaaqudgha.
             Mangled by a culicivora (17 damage)
             ... on level 2 of the Lair of Beasts.
             The game lasted 00:25:48 (12137 turns).

CrazyBamboolord the Covert (VSNe)                  Turns: 12137, Time: 00:25:49

Health: -9/84      AC: 25    Str: 11    XL:     11   Next: 66%
Magic:  0/25       EV:  2    Int: 19    God:    Kikubaaqudgha [**....]
Gold:   34         SH:  0    Dex: 15    Spells: 13/28 levels left

rFire   . . .        d - +0 dagger (speed)
rCold   . . .        (no shield)
rNeg    . . .        D - melded +0 steam dragon scales
rPois   +            c - melded +2 helmet
rElec   .            n - melded +1 cloak
rCorr   .            v - melded +2 pair of gloves
SInv    .            u - melded +1 pair of boots
Will    +....        (no amulet)
Stlth   +++++        I - ring of poison resistance
HPRegen 1.14/turn    E - +5 ring of evasion
MPRegen 0.19/turn

%: guardian spirit
@: brilliant, tree-form, animating dead
A: stationary, stasis, torment immunity, boosted hp, (fangs 3), regeneration 1,
magic shield, (antimagic bite), no potion heal 2
a: Renounce Religion, Unearth Wretches


You were on level 2 of the Lair of Beasts.
You worshipped Kikubaaqudgha.
Kikubaaqudgha was pleased with you.
You were a tree.
You visited 3 branches of the dungeon, and saw 13 of its levels.

You collected 662 gold pieces.
You spent 628 gold pieces at shops.

Inventory:

Hand Weapons
 d - a +0 dagger of speed (weapon)
 s - a +2 short sword of electrocution
Missiles
 k - a throwing net
Armour
 c - a +2 helmet (melded)
 n - a +1 cloak (melded)
 p - a +2 robe of willpower
 u - a +1 pair of boots (melded)
 v - a +2 pair of gloves (melded)
 D - +0 steam dragon scales (melded)
Jewellery
 A - a +6 ring of strength
 E - a +5 ring of evasion (right branch)
 I - a ring of poison resistance (left branch)
Wands
 a - a wand of mindburst (13)
 i - a wand of polymorph (3)
 r - a wand of flame (38)
 M - a wand of charming (7)
Scrolls
 g - 3 scrolls of blinking
 j - 2 scrolls of butterflies
 l - 4 scrolls of immolation
 m - a scroll of fear
 t - 3 scrolls of revelation
 w - 4 scrolls of teleportation
 y - 4 scrolls of poison
 C - a scroll of enchant weapon {unknown}
 F - a scroll of fog {unknown}
 G - a scroll of noise {unknown}
 H - a scroll of vulnerability {unknown}
Potions
 b - 2 potions of brilliance
 e - a potion of attraction {unknown}
 f - 4 potions of haste
 h - 5 potions of curing
 q - a potion of heal wounds {unknown}
 x - a potion of lignification
 z - a potion of berserk rage {unknown}
 B - 2 potions of cancellation {unknown}
 L - a potion of ambrosia {unknown}
Miscellaneous
 o - a sack of spiders


   Skills:
 + Level 5.8 Fighting
 + Level 5.5 Dodging
 - Level 12.0 Stealth
 * Level 9.4 Spellcasting
 * Level 10.0 Necromancy


You had 13 spell levels left.
You knew the following spells:

 Your Spells              Type           Power      Damage    Failure   Level
a - Necrotise             Necr           100%       1d9       1%          1
b - Vampiric Draining     Necr           63%        2d10      1%          3
c - Animate Dead          Necr           63%        N/A       1%          4
d - Agony                 Necr           63%        N/A       3%          5
e - Sublimation of Blood  Necr           63%        N/A       1%          2

Your spell library contained the following spells:

 Spells                   Type           Power      Damage    Failure   Level
 Kiss of Death            Conj/Necr      100%       2d13      1%          1
 Apportation              Tloc           26%        N/A       8%          1
 Jinxbite                 Hex            26%        N/A       12%         2
 Lesser Beckoning         Tloc           26%        N/A       12%         2
 Gell's Gravitas          Tloc           13%        N/A       24%         3
 Teleport Other           Tloc           13%        N/A       24%         3
 Alistair's Intoxication  Tmut/Pois      8%         N/A       91%         5


Dungeon Overview and Level Annotations

Branches:
Dungeon (10/15)            Temple (1/1) D:6            Lair (2/5) D:9
  Swamp: Lair:2-3    Shoals: Lair:2-3     Snake: Lair:2-3    Spider: Lair:2-3
    Orc: D:9-12

Altars:
Ashenzari
Cheibriados
Dithmenos
Elyvilon
Fedhas
Gozag
Hepliaklqana
Kikubaaqudgha
Makhleb
Nemelex Xobeh
Okawaru
Qazlal
Ru
Sif Muna
Uskayaw
Vehumet
Wu Jian
Xom
Yredelemnul
Zin
The Shining One

Shops:
D:2 *   D:3 [   D:7 *   D:8 ?   D:9 !=!

Annotations:
D:10 Fannar, Gastronok
Lair:1 1 runed translucent door, kemist's ghost, journeyman DsCj


Innate Abilities, Weirdness & Mutations

You are a tree.
Your roots penetrate the ground, keeping you stationary.
You cannot be teleported.
You are immune to unholy pain and torment.
Your maximum health is greatly increased.
Your equipment is partially melded.
((You have razor-sharp teeth.))
Your natural rate of healing is unusually fast.
When hurt, damage is shared between your health and your magic reserves.
((Your bite disrupts and absorbs the magic of your enemies.))
Potions cannot restore your health.


Message History

You feel clever all of a sudden. The culicivora bites you!
The culicivora draws strength from your injuries!
The culicivora bites you.
The culicivora draws strength from your injuries!
Unknown command.
You barely miss the culicivora.
The culicivora is lightly wounded.
The blink frog blinks!
The culicivora bites you but does no damage.
Unknown command.
Okay, then.
You hit the culicivora.
The culicivora is lightly wounded.
The culicivora bites you but does no damage.
Unknown command.
You hit the culicivora but do no damage.
The culicivora is lightly wounded.
The blink frog hits you!
The culicivora bites you but does no damage.
You hit the culicivora but do no damage.
The culicivora is lightly wounded.
The blink frog hits you. The culicivora bites you.
The culicivora draws strength from your injuries!
Unknown command.
You hit the culicivora.
The culicivora is lightly wounded.
You closely miss the culicivora.
The culicivora is lightly wounded.
The culicivora bites you!
* * * LOW HITPOINT WARNING * * *
The culicivora draws strength from your injuries!
The blink frog hits you but does no damage.
The culicivora bites you but does no damage.
You hit the blink frog but do no damage.
The blink frog hits you!
* * * LOW HITPOINT WARNING * * *
The blink frog blinks! x2; The culicivora bites you!
You die...
Kikubaaqudgha rasps: "You have failed me!
Welcome... death!"

...............##
.##.P........#..#
##...P.....#.##†.
#.....#....F## ...
#....#......# ...
##.....#...#####
..#
#P....##..###†.##.#
#..F.§#s§.# ..^†.#
##....♣#F.# ^...#.#
#######.F##.^.†^#
.####...#...#
.......F.#
.........#
........)...#
###.#....P.##
..###...#.. ..
#....#..


You could see a culicivora and 2 blink frogs.

Vanquished Creatures
  Joseph (D:7)
  A cane toad (Lair:1)
  A kobold demonologist (D:10)
  A rime drake (Lair:1)
  3 komodo dragons
  Prince Ribbit (D:8)
  Sigmund (D:2)
  Eustachio (D:4)
  A wyvern (D:9)
  3 yaks (Lair:1)
  Grum (D:8)
  3 steam dragons
  A basilisk (Lair:1)
  Edmund (D:4)
  4 water moccasins
  An orc warrior (D:4)
  Duvessa (D:7)
  4 ice beasts
  3 black bears
  5 wolves
  An ogre (D:5)
  3 centaurs
  6 bullfrogs
  A gnoll sergeant (D:8)
  3 scorpions (D:4)
  3 wights (D:9)
  Dowan (D:7)
  5 killer bees (D:5)
  3 electric eels (D:8)
  6 howler monkeys
  A bullfrog zombie (D:4)
  4 hounds
  Crazy Yiuf (D:6)
  3 orc priests
  A bullfrog skeleton (D:4)
  4 iguanas
  4 jellies
  2 scorpion zombies (D:4)
  2 sleepcaps (D:7)
  Ijyb (D:4)
  8 orc wizards
  A hound zombie (D:4)
  A hound skeleton (D:4)
  5 gnolls (D:8)
  A howler monkey skeleton (D:4)
  3 adders
  A shadow imp (D:4)
  A white imp (D:6)
  2 ufetubi (D:4)
  3 adder zombies (D:4)
  2 adder skeletons (D:4)
  A worm (D:2)
  7 dart slugs
  22 orcs
  4 bats
  4 endoplasms
  4 giant cockroaches
  11 goblins
  6 hobgoblins
  2 jackals (D:3)
  9 kobolds
  5 quokkas
  9 ball pythons
  3 frilled lizards
  A quokka zombie (D:4)
  5 rats
214 creatures vanquished.

Vanquished Creatures (collateral kills)
  A catoblepas (Lair:1)
  Amaemon (Lair:1)
  A cane toad (Lair:1)
  An orange demon (Lair:1)
  A komodo dragon (Lair:1)
  A yak (Lair:1)
  A wyvern (Lair:1)
  2 black bears (Lair:1)
  A bullfrog (Lair:1)
  A white imp (D:7)
  A worm (D:4)
  An orc (D:4)
  A kobold (D:4)
14 creatures vanquished.

Vanquished Creatures (others)
  A water moccasin zombie (Lair:1)
  A howler monkey zombie (D:9)
  3 gnoll zombies (D:8)
5 creatures vanquished.

Grand Total: 233 creatures vanquished

Notes
Turn   | Place    | Note
-------+----------+-------------------------------------------
     0 | D:1      | CrazyBamboolord the Vine Stalker Necromancer began the
                  | quest for the Orb.
     0 | D:1      | Reached XP level 1. HP: 9/9 MP: 4/4
   225 | D:1      | Reached XP level 2. HP: 13/13 MP: 4/6
   622 | D:1      | Reached skill level 3 in Stealth
   796 | D:1      | Reached XP level 3. HP: 13/17 MP: 0/7
  1505 | D:2      | Reached XP level 4. HP: 21/21 MP: 2/9
  1923 | D:2      | Noticed Sigmund
  1939 | D:2      | Killed Sigmund
  1940 | D:2      | Reached skill level 1 in Fighting
  1940 | D:2      | Reached skill level 4 in Stealth
  1940 | D:2      | Reached XP level 5. HP: 23/25 MP: 1/11
  1940 | D:2      | Reached XP level 6. HP: 27/30 MP: 1/12
  2164 | D:2      | Reached skill level 5 in Necromancy
  2175 | D:2      | Found Tir Wekhu's General Store.
  2181 | D:2      | Bought a scroll of blinking for 82 gold pieces
  2192 | D:2      | Found an iron altar of Okawaru.
  2766 | D:3      | Found a faded altar of an unknown god.
  3035 | D:3      | Found Pautewel's Armour Shoppe.
  3103 | D:4      | Found an ornate altar of the Wu Jian Council.
  3195 | D:4      | Learned a level 3 spell: Vampiric Draining
  3200 | D:4      | Learned a level 4 spell: Animate Dead
  3340 | D:4      | Reached skill level 5 in Stealth
  3340 | D:4      | Reached XP level 7. HP: 34/34 MP: 8/14
  3432 | D:4      | Noticed Edmund
  3618 | D:4      | Found a large runed translucent door.
  3618 | D:4      | Found a large runed translucent door.
  3707 | D:4      | Noticed Ijyb
  3714 | D:4      | Killed Ijyb
  3723 | D:4      | Found a large runed translucent door.
  3723 | D:4      | Found a large runed translucent door.
  3850 | D:4      | Noticed a steam dragon
  3856 | D:4      | Killed a steam dragon
  3857 | D:4      | Reached skill level 6 in Stealth
  3857 | D:4      | Gained mutation: You have razor-sharp teeth. [Vine Stalker
                  | growth]
  3857 | D:4      | Reached XP level 8. HP: 28/39 MP: 4/16
  4025 | D:4      | Identified the +0 scale mail of Nocvef {rElec Int+6}
  4092 | D:4      | Killed Edmund
  4093 | D:4      | Reached skill level 5 in Spellcasting
  4481 | D:4      | Noticed Eustachio
  4591 | D:4      | Killed Eustachio
  4597 | D:4      | Reached skill level 7 in Stealth
  4834 | D:3      | Bought a +2 pair of gloves for 165 gold pieces
  4878 | D:5      | Entered Level 5 of the Dungeon
  5291 | D:5      | Reached XP level 9. HP: 23/44 MP: 3/19
  5964 | D:5      | Reached skill level 8 in Stealth
  6212 | D:6      | Found a runed translucent door.
  6213 | D:6      | Noticed Crazy Yiuf
  6220 | D:6      | Killed Crazy Yiuf
  6540 | D:6      | Found a staircase to the Ecumenical Temple.
  6551 | Temple   | Entered the Ecumenical Temple
  6577 | Temple   | Became a worshipper of Kikubaaqudgha
  7256 | D:7      | Identified the +3 chain mail of the Stars {rPois rCorr}
  7345 | D:7      | Noticed Joseph
  7358 | D:7      | Killed Joseph
  7471 | D:7      | Learned a level 5 spell: Agony
  7597 | D:7      | Reached skill level 9 in Stealth
  7995 | D:7      | Found Luwikhle's CLEARANCE SALE!.
  8007 | D:7      | Noticed Duvessa
  8007 | D:7      | Noticed Dowan
  8017 | D:7      | Killed Duvessa
  8018 | D:7      | Reached XP level 10. HP: 50/50 MP: 7/21
  8021 | D:7      | Killed Dowan
  8035 | D:7      | Bought a scroll of identify for 12 gold pieces
  8225 | D:8      | Noticed Grum
  8393 | D:8      | Killed Grum
  8624 | D:8      | Found Zuocoud's Magic Scroll Boutique.
  8630 | D:8      | Bought a scroll of blinking for 97 gold pieces
  8630 | D:8      | Bought a scroll of teleportation for 39 gold pieces
  8679 | D:8      | Noticed Prince Ribbit
  8686 | D:8      | Killed Prince Ribbit
  8705 | D:8      | Reached * piety under Kikubaaqudgha
  8705 | D:8      | Received a gift from Kikubaaqudgha
  8720 | D:8      | Learned a level 2 spell: Sublimation of Blood
  8884 | D:8      | Reached skill level 10 in Stealth
  9396 | D:9      | Found Azxoiffo's Jewellery Emporium.
  9412 | D:9      | Found Badoogh's Distillery.
  9480 | D:9      | Found a staircase to the Lair.
  9975 | D:9      | Found Exkiag's Distillery.
 10198 | D:8      | Bought a scroll of blinking for 97 gold pieces
 10248 | D:10     | Entered Level 10 of the Dungeon
 10329 | D:10     | Noticed a kobold demonologist
 10332 | D:10     | Noticed Fannar
 10338 | D:10     | Killed a kobold demonologist
 10338 | D:10     | Noticed Gastronok
 10339 | D:10     | Reached skill level 5 in Fighting
 10536 | Lair:1   | Entered Level 1 of the Lair of Beasts
 10587 | Lair:1   | Noticed a cane toad
 10608 | Lair:1   | Reached skill level 5 in Dodging
 10610 | Lair:1   | Killed a cane toad
 10611 | Lair:1   | Reached XP level 11. HP: 48/56 MP: 4/24
 10617 | Lair:1   | Reached skill level 11 in Stealth
 10811 | Lair:1   | Reached ** piety under Kikubaaqudgha
 10919 | Lair:1   | Found a runed translucent door.
 10919 | Lair:1   | Noticed kemist's ghost (journeyman DsCj)
 11367 | Lair:1   | Noticed Amaemon
 11387 | Lair:1   | Killed Amaemon
 11496 | Lair:1   | Noticed a catoblepas
 11511 | Lair:1   | Killed a catoblepas
 11512 | Lair:1   | Reached skill level 10 in Necromancy
 11956 | D:8      | Bought a scroll of teleportation for 39 gold pieces
 11956 | D:8      | Bought a scroll of enchant armour for 97 gold pieces
 12085 | Lair:2   | Reached skill level 12 in Stealth
 12137 | Lair:2   | Mangled by a culicivora

Illustrated notes

Levels and vault maps discovered:
D:1:      kennysheep_arrival_seaside, layout_loops_corners
D:2:      layout_loops_ring, basic_altar, serial_shops,
          nicolae_shop_tiny_statue_garden, kennysheep_boxes, uniq_sigmund
D:3:      layout_basic, serial_shops, shop, shapermc_ecumenical_altar_petra
D:4:      layout_gridville, overflow_temple_1_default, serial_undead,
          serial_undead_d, serial_undead_f, serial_undead_d, serial_undead_a,
          serial_undead_e, serial_undead_f, chequers_avenue,
          grunt_ministairs_13, minmay_hollow_rounded_squares, uniq_ijyb,
          uniq_edmund, uniq_eustachio
D:5:      layout_basic
D:6:      layout_basic, minmay_temple_entry_enclosed_plants,
          uniq_crazy_yiuf_cottage
D:7:      layout_cave_pools, nicolae_shop_clearance, uniq_joseph, uniq_duvessa
D:8:      layout_gridville, serial_shops, kennysheep_little_box,
          nicolae_water_bricks, uniq_grum, uniq_prince_ribbit1
D:9:      layout_loops_ring, lair_entry_dummy, serial_shops,
          nicolae_shop_industrial_runoff, shop, shop
D:10:     layout_cave_pods, lemuel_round_altar, uniq_urug, uniq_sonja,
          uniq_gastronok, uniq_psyche, uniq_fannar
Temple:   mainiacjoe_temple_cubbyholes
Lair:1:   layout_regular_city, gammafunk_ghost_grave, minivault_27,
          beast_lair_carwin_11, uniq_amaemon
Lair:2:   layout_regular_city, palyth_hydra_swamp_entry,
          hellmonk_spider_entry_life_and_decay, nicolae_quartered_pool_medium,
          nicolae_lair_run_with_the_wolves, grunt_megastairs_3,
          serial_bayou_shore_a

Skill      XL: |  1  2  3  4  5  6  7  8  9 10 11 |
---------------+----------------------------------+-----
Stealth        | 3 4 5 6 7 9 10 12 | 12.0
Dodging        | 2 3 4 5 |  5.5
Fighting       | 1 2 3 4 5 |  5.8
Spellcasting   | 3 4 6 7 8 9 |  9.4
Necromancy     | 5 6 8 9 10 | 10.0

Action                     |  1- 3 |  4- 6 |  7- 9 | 10-12 || total
---------------------------+-------+-------+-------+-------++-------
  Melee: Dagger            |    17 |    34 |   205 |   101 ||   357
         Bite              |     3 |    12 |    74 |    31 ||   120
         Punch             |       |       |     5 |     3 ||     8
   Cast: Necrotise         |    64 |    58 |   161 |   141 ||   424
         Vampiric Draining |       |       |    44 |    45 ||    89
         Animate Dead      |       |       |     2 |     4 ||     6
         Sublimation of Bl |       |       |       |     1 ||     1
         Agony             |       |       |       |     1 ||     1
  Evoke: Wand              |       |       |     2 |     6 ||     8
    Use: Scroll            |     2 |     2 |     6 |     6 ||    16
         Potion            |       |       |     7 |     4 ||    11
   Stab: Sleeping          |     1 |     3 |     7 |    14 ||    25
         Distracted        |       |     1 |       |     1 ||     2
         Invisible         |       |       |     1 |     4 ||     5
 Armour: Robe              |    13 |    32 |   201 |       ||   246
         Steam dragon scal |       |       |     9 |   135 ||   144
         Skin              |       |       |       |    14 ||    14
  Dodge: Dodged            |    11 |    58 |   176 |   226 ||   471

Table legend: (Time is in decaauts)
 A = Elapsed time spent in this place.
 B = Non-inter-level travel time spent in this place.
 C = Inter-level travel time spent in this place.
 D = Time resting spent in this place.
 E = Time spent auto-exploring this place.
 F = Levels seen in this place.
 G = Mean time per level.
                   A        B        C        D        E       F      G
               +--------+--------+--------+--------+--------+-----+--------+
         Total |  12011 |  11245 |    766 |    916 |   8426 |  13 |  923.9 |
       Dungeon |  10551 |   9884 |    667 |    905 |   7340 |  10 | 1055.1 |
        Temple |     50 |      2 |     48 |      0 |      0 |   1 |   50.0 |
          Lair |   1409 |   1359 |     50 |     11 |   1085 |   2 |  704.5 |
               +--------+--------+--------+--------+--------+-----+--------+

Top non-repeatable levels by time:
     D:4: 1675 daAuts
  Lair:1: 1320 daAuts
     D:1: 1307 daAuts
     D:7: 1236 daAuts
     D:5: 1169 daAuts
     D:8: 1145 daAuts
     D:9: 1065 daAuts
     D:6: 1012 daAuts
     D:2: 961 daAuts
     D:3: 872 daAuts
    D:10: 105 daAuts
  Lair:2: 88 daAuts
  Temple: 50 daAuts
